 Dungeon Crawl Stone Soup version 0.21.1-1-g345015f (webtiles) character file.

19 Kairos the Digger (level 2, 15/15 HPs)
             Began as a Gargoyle Earth Elementalist on Mar 26, 2018.
             Got out of the dungeon alive.
             The game lasted 00:01:28 (619 turns).

Kairos the Digger (Gargoyle Earth Elementalist)      Turns: 619, Time: 00:01:29

Health: 15/15      AC:  7    Str: 11    XL:     2   Next: 75%
Magic:  5/5        EV: 10    Int: 15    God:
Gold:   70         SH:  0    Dex: 10    Spells: 4/5 levels left

rFire    . . .     SeeInvis .   f - +0 whip
rCold    . . .     Gourm    .   (no shield)
rNeg     + . .     Faith    .   h - +0 ring mail
rPois    ∞         Spirit   .   (no helmet)
rElec    +         Reflect  .   (no cloak)
rCorr    .         Harm     .   (no gloves)
MR       .....                  (no boots)
Stlth    +.........             (no amulet)
HPRegen  0.05/turn              (no ring)
MPRegen  0.09/turn              (no ring)

@: no status effects
A: negative energy resistance 1, electricity resistance, unbreathing,
petrification resistance, rot immunity, AC +2
a: no special abilities


You escaped.
You were not hungry.

You visited 1 branch of the dungeon, and saw 1 of its levels.

You collected 70 gold pieces.

Inventory:

Hand Weapons
 f - a +0 whip (weapon)
Missiles
 b - 54 stones (quivered)
Armour
 c - a +0 robe
 h - a +0 ring mail (worn)
Scrolls
 a - a scroll of noise {unknown}
 g - 3 scrolls of enchant armour {unknown}
 k - 2 scrolls of teleportation {unknown}
Potions
 i - a potion of cancellation {unknown}
 j - 4 potions of heal wounds {unknown}
Books
 e - a book of Geomancy

   Spells                             Type                      Level
   a - Sandblast                      Earth                        1
   b - Passwall                       Transmutation/Earth          2
   c - Stone Arrow                    Conjuration/Earth            3
   d - Petrify                        Transmutation/Earth          4
   e - Lee's Rapid Deconstruction     Earth                        5
Comestibles
 d - 2 rations


   Skills:
 + Level 1.7 Dodging
 + Level 2.4 Stealth
 + Level 2.2 Spellcasting
   Level 0.7 Transmutations
 + Level 4.2 Earth Magic


You had 4 spell levels left.
You knew the following spells:

 Your Spells              Type           Power        Failure   Level  Hunger
a - Sandblast             Erth           ##....       10%         1    #......


Dungeon Overview and Level Annotations

Branches:
Dungeon (1/15)

Altars:


Innate Abilities, Weirdness & Mutations

You are resistant to torment.
Your stone body is resilient. (AC +2)
You are immune to poison.
You resist negative energy. (rN+)
You are resistant to electric shocks. (rElec)
You can survive without breathing.
You are immune to petrification.
You are immune to rotting.


Message History

d - 2 rations (gained 1)
g - 3 scrolls labeled PENISOROET (gained 1)
You now have 70 gold pieces (gained 15).
Found a stone staircase leading down.
j - 4 inky potions (gained 2)
A rat comes into view.
Found a ring mail.
A rat is nearby!
There is a stone staircase leading down here.
You hit the rat.
You kill the rat!
No target in view!
No target in view!
Done exploring.
Done exploring.
No target in view!
There is a stone staircase leading down here.
There is a staircase leading out of the dungeon here.
Are you sure you want to leave the Dungeon?
This will make you lose the game!
You have escaped!

#........##......####.###
#........##......#
#.######
#........##.##..##
#..#....
#........##......#
##>#....
#####>#####.(....#
#.#.... ##..# ####.#.#
#.#.... #..## #......#
#)#.... #.## #(.....#
#†#.... #.#######@...###
#.#.... #.#....##......#
#...... #.#....##......#
##..[..
########.#....##.##.###
##....
..............##......#
###...
########.#....##......#
###..... #.#....###.#.#.#
#...#...
########.#######......#
#.###.(. ..)......#
#......# #.# #...


There were no monsters in sight!

Vanquished Creatures
  4 bats (D:1)
  5 goblins (D:1)
  A hobgoblin (D:1)
  2 jackals (D:1)
  A ball python (D:1)
  3 kobolds (D:1)
  3 rats (D:1)
19 creatures vanquished.

Notes
Turn   | Place    | Note
-------+----------+-------------------------------------------
     0 | D:1      | Kairos the Gargoyle Earth Elementalist began the quest for the Orb.
     0 | D:1      | Reached XP level 1. HP: 10/10 MP: 3/3
   178 | D:1      | Reached skill level 4 in Earth Magic
   178 | D:1      | Reached XP level 2. HP: 15/15 MP: 3/5
   619 | D:$      | Got out of the dungeon alive.

Skill      XL: |  1 |
---------------+----+-----
Earth Magic    | 4 |  4.2
Dodging        | |  1.7
Stealth        | |  2.4
Spellcasting   | |  2.2
Transmutations | |  0.7

Action                   || total
-------------------------++-------
Melee: Whip              ||    43
 Cast: Sandblast         ||    10
Armor: Robe              ||     8
       Ring mail         ||    19
Dodge: Dodged            ||    49
